 Dungeon Crawl Stone Soup version 0.28-a0-906-g0406aca7d3 (webtiles) character file.

Game seed: 3903921862533573443

344 tatocazan the Skirmisher (level 6, 0/84 HPs)
             Began as a Hill Orc Fighter on Nov 23, 2021.
             Slain by Grinder (7 damage)
             ... on level 3 of the Dungeon.
             The game lasted 00:03:22 (2887 turns).

tatocazan the Skirmisher (Hill Orc Fighter)         Turns: 2887, Time: 00:03:24

Health: 0/84       AC: 23    Str: 20    XL:     6   Next: 58%
Magic:  6/6        EV:  2    Int:  8    God:
Gold:   70         SH: 10    Dex: 11    Spells: 5/5 levels left

rFire   . . .      SeeInvis .   a - +0 long sword
rCold   . . .      Faith    .   c - +0 buckler
rNeg    . . .      Spirit   .   (armour currently unavailable)
rPois   +          Reflect  +   (helmet currently unavailable)
rElec   .          Harm     .   (cloak currently unavailable)
rCorr   .          Rampage  .   (gloves currently unavailable)
Will    .....      NoTele   +   (boots currently unavailable)
Stlth   +.........              h - amulet of reflection
HPRegen 0.24/turn               n - +4 ring of evasion
MPRegen 0.10/turn               (no ring)

@: tree-form
A: stationary, stasis, torment immunity, boosted hp
a: no special abilities


You were on level 3 of the Dungeon.
You were a tree.
You visited 1 branch of the dungeon, and saw 3 of its levels.

You collected 70 gold pieces.

Inventory:

Hand Weapons
 a - a +0 long sword (weapon)
 t - a +1 short sword of venom
Armour
 b - a +0 scale mail
 c - a +0 buckler (worn)
 p - a +0 chain mail (melded)
 v - a +0 tower shield
Jewellery
 e - a ring of fire
 h - an amulet of reflection (around neck)
 n - a +4 ring of evasion (left branch)
 s - a ring of wizardry
Wands
 k - a wand of digging (4)
Scrolls
 g - 4 scrolls of identify {unknown}
 o - a scroll of noise {unknown}
 q - a scroll of teleportation {unknown}
 r - 2 scrolls of enchant armour {unknown}
Potions
 f - a potion of heal wounds {unknown}
 i - a potion of degeneration {unknown}
 j - a potion of attraction {unknown}
 l - a potion of ambrosia {unknown}
 m - a potion of flight {unknown}
 u - a potion of curing {unknown}


   Skills:
 + Level 5.3 Fighting
 + Level 4.1 Long Blades
 + Level 4.8 Armour
 + Level 4.8 Shields


You had 5 spell levels left.
You didn't know any spells.
Your spell library contained the following spells:

 Spells                   Type           Power      Damage    Failure   Level
 Apportation              Tloc           0%         N/A       41%         1
 Corpse Rot               Necr/Air       0%         N/A       54%         2
 Stone Arrow              Conj/Erth      0%         3d7       78%         3
 Alistair's Intoxication  Tmut/Pois      0%         N/A       100%        5
 Death Channel            Necr           0%         N/A       100%        6
 Death's Door             Necr           0%         N/A       100%        9


Dungeon Overview and Level Annotations

Branches:
Dungeon (3/15)

Altars:
Kikubaaqudgha

Annotations:
D:3 Grinder


Message History

Grinder hits you but does no damage. Grinder hits you!
You writhe in agony.
* * * LOW HITPOINT WARNING * * *
You take 10 damage, and have 14/56 hp.
You barely miss Grinder.
Grinder is severely wounded.
Grinder gestures at you. Pain shoots through your body!
* * * LOW HITPOINT WARNING * * *
You take 1 damage, and have 13/56 hp.
You closely miss Grinder.
Grinder is severely wounded.
Grinder blinks!
You barely miss Grinder.
Grinder is severely wounded.
You block Grinder's attack.
You barely miss Grinder.
Grinder is heavily wounded.
Grinder gestures at you.
You suddenly lose the ability to move!
Grinder hits you.
* * * LOW HITPOINT WARNING * * *
You writhe in agony.
* * * LOW HITPOINT WARNING * * *
Grinder gestures at you. Pain shoots through your body!
* * * LOW HITPOINT WARNING * * *
Grinder hits you but does no damage. x2
You can move again.
You take 9 damage, and have 4/56 hp.
It was a potion of lignification.
You turn into a tree.
Your +0 chain mail melds into your body.
Your roots penetrate the ground.
You block Grinder's attack.
You now have 7/84 hp.
You hit Grinder but do no damage.
Grinder is heavily wounded.
You block Grinder's attack.
You closely miss Grinder.
Grinder is heavily wounded.
Grinder hits you but does no damage. Grinder hits you!
You die...

.......................##.
#######.#######.....†..##.
#.## ##.......... ###..#
#.......... #..#.#
#........##. ##..#.###
.........^## #
##...#...##..#........##
#.
#....###....####.#......
#.###..#...♣5..##
...#....#. ...#†##.#####.#
.# #...... #.#.##.# ... ..
# ##### #...#..# #..# ...
# ....####.....### ....
.... # ..............>.#
5.... ....##
....###....####.. .....
...... ....####...## .
..##.. ..............
##....)


You could see Grinder.

Vanquished Creatures
  Sigmund (D:2)
  A scorpion (D:3)
  Terence (D:2)
  4 adders
  An orc (D:3)
  7 bats
  4 endoplasms
  4 giant cockroaches
  6 goblins
  5 hobgoblins
  4 jackals (D:2)
  7 kobolds
  7 ball pythons
  3 frilled lizards
  8 rats
63 creatures vanquished.

Notes
Turn   | Place    | Note
-------+----------+-------------------------------------------
     0 | D:1      | tatocazan the Hill Orc Fighter began the quest for the Orb.
     0 | D:1      | Reached XP level 1. HP: 19/19 MP: 1/1
   220 | D:1      | Reached XP level 2. HP: 23/27 MP: 2/2
   348 | D:1      | Got the Disquisition on Hurtful Stolen Souls
   628 | D:1      | Reached skill level 4 in Fighting
   696 | D:1      | Reached XP level 3. HP: 30/33 MP: 3/3
   813 | D:1      | Found a faded altar of an unknown god.
  1032 | D:2      | Noticed Sigmund
  1090 | D:2      | HP: 1/33 [Sigmund (5)]
  1095 | D:2      | Killed Sigmund
  1096 | D:2      | Reached XP level 4. HP: 3/41 MP: 4/4
  1096 | D:2      | Reached XP level 5. HP: 3/47 MP: 5/5
  1753 | D:2      | Noticed Terence
  1768 | D:2      | Killed Terence
  1769 | D:2      | Reached skill level 5 in Fighting
  1769 | D:2      | Reached XP level 6. HP: 37/56 MP: 6/6
  2781 | D:3      | Found an ancient bone altar of Kikubaaqudgha.
  2850 | D:3      | Noticed Grinder
  2863 | D:3      | Paralysed by Grinder for 2 turns
  2880 | D:3      | Paralysed by Grinder for 5 turns
  2887 | D:3      | Slain by Grinder

Illustrated notes

Levels and vault maps discovered:
D:1:      dpeg_arrival_tiny_b, layout_basic, shapermc_ecumenical_altar_gd
D:2:      layout_loops_ring, chequers_serial_rivers_micro_c, uniq_sigmund,
          uniq_terence
D:3:      layout_rooms, nicolae_kikubaaqudgha_miasma_corner,
          kennysheep_minor_cross, uniq_grinder

Skill      XL: |  1  2  3  4  5  6 |
---------------+-------------------+-----
Fighting       | 4 5 |  5.3
Long Blades    | 3 4 |  4.1
Armour         | 4 |  4.8
Shields        | 4 |  4.8

Action                   |  1- 3 |  4- 6 || total
-------------------------+-------+-------++-------
Melee: Long sword        |    83 |   142 ||   225
  Use: Potion            |     1 |     1 ||     2
Armor: Scale mail        |    36 |    30 ||    66
       Chain mail        |       |    26 ||    26
       Skin              |       |     1 ||     1
Dodge: Dodged            |    44 |    59 ||   103
Block: Buckler           |    28 |    80 ||   108

Table legend: (Time is in decaauts)
 A = Elapsed time spent in this place.
 B = Non-inter-level travel time spent in this place.
 C = Inter-level travel time spent in this place.
 D = Time resting spent in this place.
 E = Time spent auto-exploring this place.
 F = Levels seen in this place.
 G = Mean time per level.
                   A        B        C        D        E       F      G
               +--------+--------+--------+--------+--------+-----+--------+
         Total |   2941 |   2823 |    118 |    855 |   1455 |   3 |  980.3 |
       Dungeon |   2941 |   2823 |    118 |    855 |   1455 |   3 |  980.3 |
               +--------+--------+--------+--------+--------+-----+--------+

Top non-repeatable levels by time:
     D:1: 1679 daAuts
     D:2: 893 daAuts
     D:3: 368 daAuts
